 Dungeon Crawl Stone Soup version 0.31-a0-1363-g282adc679d (webtiles) character file.

Game seed: 17361766660857488551

2302922 EnegeticOcto the Vine Stalker Barricade (level 27, 169/169 HPs)
             Began as a Vine Stalker Summoner on Dec 23, 2023.
             Was the Champion of Ashenzari.
             Escaped with the Orb
             ... and 4 runes!
             The game lasted 02:41:02 (71107 turns).

EnegeticOcto the Vine Stalker Barricade (VSSu)     Turns: 71107, Time: 02:41:02

Health: 169/169    AC: 26    Str:  5 (7)  XL:     27
Magic:  64/64      EV: 24    Int: 32      God:    Ashenzari [******]
Gold:   3523       SH: 25    Dex: 23      Spells: 26/80 levels left

rFire   + + +        w - +10 long sword of Desmomancy {speed, rF++ Int+3, Self, Cun} (curse)
rCold   + . .        S - +5 kite shield "Astrological Prison" {Range, Self} (curse)
rNeg    . . .        l - +3 leather armour "Circumscribed Seeker" {Will++ Regen+ Dex+5, Self, Comp} (curse)
rPois   +            G - +2 helmet "Restrained Together" {rF+, Fort, Elem} (curse)
rElec   +            N - +2 cloak "Eternal Monotheism" {rPois, Fort, Dev} (curse)
rCorr   .            h - +2 pair of gloves of Apeoromancy {Dex+3, Self, Bglg} (curse)
SInv    +            c - +3 pair of mountain boots {steadfast, rC+, Fort, Bglg} (curse)
Will    +++++        J - amulet of the Chained Sky {RegenMP, Self, Elem} (curse)
Stlth   ++           y - ring of the Unyielding Gaze {AC+4, Comp, Self} (curse)
HPRegen 2.08/turn    K - ring of Ashenzari's Sun {^Drain rElec MP+9 Str-4 Slay+5, Cun, Elem} (curse)
MPRegen 0.79/turn

%: clarity, guardian spirit
@: calling dragons, studying 2 skills
A: fangs 3, regeneration 1, magic shield, antimagic bite, no potion heal 2,
talons 2, clever 1, clumsy 1, deterioration 1
0: Orb of Zot
}: 4/15 runes: decaying, slimy, silver, gossamer
a: Renounce Religion, Shatter the Chains


You escaped.
You worshipped Ashenzari.
Ashenzari was exalted by your worship.
You visited 11 branches of the dungeon, and saw 55 of its levels.
You visited 1 bazaar.
You also visited: Ossuary, Ice Cave and Desolation.

You collected 7795 gold pieces.
You spent 4272 gold pieces at shops.

Inventory:

Hand Weapons
 w - the cursed +10 long sword of Desmomancy (weapon) {speed, rF++ Int+3, Self, Cun}
   (You found it on level 3 of the Elven Halls)

   Int+3:     It affects your intelligence (+3).
   rF++:      It greatly protects you from fire.
   It has a curse which improves the following skills: Introspection: Fighting
   and Spellcasting.
   Cunning:   Dodging and Stealth.
 I - the +5 short sword of Reinforcement {drain, rElec rN+}
   (You found it on level 1 of the Spider Nest)

   rElec:     It insulates you from electricity.
   rN+:       It protects you from negative energy.
Missiles
 r - 5 throwing nets {!f}
 Z - 11 curare-tipped darts
Armour
 c - the cursed +3 pair of mountain boots (worn) {steadfast, rC+, Fort, Bglg}
   (You bought it in a shop on level 1 of the Elven Halls)

   Steadfast: It prevents involuntary movement, except for blinking,
   teleportation, or banishment.
   rC+:       It protects you from cold.
   It has a curse which improves the following skills: Fortitude: Armour and
   Shields.
   Beguiling: Hexes and Translocations.
 h - the cursed +2 pair of gloves of Apeoromancy (worn) {Dex+3, Self, Bglg}
   (You found it on level 2 of the Depths)

   Dex+3:     It affects your dexterity (+3).
   It has a curse which improves the following skills: Introspection: Fighting
   and Spellcasting.
   Beguiling: Hexes and Translocations.
 l - the cursed +3 leather armour "Circumscribed Seeker" (worn) {Will++ Regen+ Dex+5, Self, Comp}
   (You found it on level 4 of the Spider Nest)

   Dex+5:     It affects your dexterity (+5).
   Will++:    It greatly increases your willpower.
   Regen+:    It increases your rate of health regeneration.
   It has a curse which improves the following skills: Introspection: Fighting
   and Spellcasting.
   Companions: Summonings and Necromancy.
 G - the cursed +2 helmet "Restrained Together" (worn) {rF+, Fort, Elem}
   (You bought it in a shop on level 3 of the Elven Halls)

   It has a curse which improves the following skills: Fortitude: Armour and
   Shields.
   Elements:  Fire Magic, Ice Magic, Air Magic and Earth Magic.
 N - the cursed +2 cloak "Eternal Monotheism" (worn) {rPois, Fort, Dev}
   (You found it on level 9 of the Dungeon)

   It has a curse which improves the following skills: Fortitude: Armour and
   Shields.
   Devices:   Evocations and Shapeshifting.
 S - the cursed +5 kite shield "Astrological Prison" (worn) {Range, Self}
   (You took it off a vault warden on level 5 of the Vaults)

   It has a curse which improves the following skills: Ranged Combat: Ranged
   Weapons and Throwing.
   Introspection: Fighting and Spellcasting.
Jewellery
 y - the cursed ring of the Unyielding Gaze (left hand) {AC+4, Comp, Self}
   (You found it on level 3 of the Dungeon)

   [ring of protection]

   AC+4:      It affects your AC (+4).
   It has a curse which improves the following skills: Companions: Summonings
   and Necromancy.
   Introspection: Fighting and Spellcasting.
 J - the cursed amulet of the Chained Sky (around neck) {RegenMP, Self, Elem}
   (You found it on level 12 of the Dungeon)

   [amulet of magic regeneration]

   RegenMP:   It increases your rate of magic regeneration.
   It has a curse which improves the following skills: Introspection: Fighting
   and Spellcasting.
   Elements:  Fire Magic, Ice Magic, Air Magic and Earth Magic.
 K - the cursed ring of Ashenzari's Sun (right hand) {^Drain rElec MP+9 Str-4 Slay+5, Cun, Elem}
   (You acquired it on level 1 of the Swamp)

   [ring of magical power]

   Str-4:     It affects your strength (-4).
   Slay+5:    It affects your accuracy & damage with ranged weapons and melee
   (+5).
   rElec:     It insulates you from electricity.
   MP+9:      It affects your magic capacity (+9).
   ^Drain:    It drains your maximum health when unequipped.
   It has a curse which improves the following skills: Cunning: Dodging and
   Stealth.
   Elements:  Fire Magic, Ice Magic, Air Magic and Earth Magic.
Wands
 g - a wand of polymorph (38)
   (You found it on level 2 of the Dungeon)
 p - a wand of charming (77)
   (You found it on level 7 of the Dungeon)
 v - a wand of quicksilver (58) {@v1}
   (You found it on level 4 of the Dungeon)
 x - a wand of roots (21) {@v2}
   (You found it on level 7 of the Dungeon)
 B - a wand of mindburst (77)
   (You took it off a kobold on level 4 of the Dungeon)
 L - a wand of digging (37) {@v3}
   (You bought it in a shop on level 8 of the Dungeon)
Scrolls
 d - 8 scrolls of poison
 f - 4 scrolls of immolation
 i - 4 scrolls of summoning
 k - 9 scrolls of fear {!r}
 n - 5 scrolls of revelation {@r5 !r}
 o - 8 scrolls of blinking {@r4}
 q - 14 scrolls of teleportation {@r3 !r}
 s - 7 scrolls of vulnerability
 t - 5 scrolls of enchant armour
 A - 7 scrolls of fog {!r}
 T - 2 scrolls of silence {!r}
 V - 2 scrolls of torment
Potions
 b - 6 potions of magic
 e - 15 potions of lignification {@q6}
 m - 22 potions of curing {@q1 !q}
 u - 10 potions of brilliance
 z - 12 potions of enlightenment
 C - 10 potions of mutation
 D - 11 potions of haste {@q4 !q}
 E - 13 potions of attraction
 F - 9 potions of might {@q3 !q}
 H - 8 potions of cancellation
 M - 10 potions of berserk rage
 P - 7 potions of ambrosia
 Q - 5 potions of resistance
 R - 5 potions of invisibility
Miscellaneous
 a - a lightning rod (4/4)
   (You found it on level 10 of the Dungeon)
 j - a sack of spiders
   (You found it on level 4 of the Swamp)
 X - a phantom mirror
   (You found it on level 5 of the Lair of Beasts)
 Y - a tin of tremorstones (2/2)
   (You found it on level 5 of the Lair of Beasts)


   Skills:
 + Level 17.9(25.2) Fighting
 - Level 5.2(9.7) Armour
 - Level 13.3(16.9) Dodging
 - Level 4.0(7.2) Stealth
 O Level 27 Shields
 - Level 20.7(27) Spellcasting
 - Level 4.0(7.2) Hexes
 - Level 22.2(25.4) Summonings
 - Level 6.0(9.6) Necromancy
 - Level 4.3(7.6) Translocations
 - Level 7.7(10.3) Evocations


You had 26 spell levels left.
You knew the following spells:

 Your Spells              Type           Power      Damage    Failure   Level
a - Apportation           Tloc           100%       N/A       1%          1
b - Death Channel         Necr           40%        N/A       2%          6
c - Dragon's Call         Summ           58%        N/A       2%          9
d - Summon Hydra          Summ           58%        N/A       1%          7
e - Summon Small Mammal   Summ           100%       N/A       0%          1
f - Malign Gateway        Summ/Tloc      49%        N/A       1%          7
g - Borgnjor's Vile Clut  Necr/Erth      33%        N/A       2%          5
h - Sublimation of Blood  Necr           81%        N/A       1%          2
i - Anguish               Hex/Necr       38%        N/A       1%          4
j - Summon Mana Viper     Hex/Summ       99%        N/A       1%          5
z - Irradiate             Conj/Alch      21%        3d18      22%         5
Y - Blink                 Tloc           100%       N/A       1%          2

Your spell library contained the following spells:

 Spells                   Type           Power      Damage    Failure   Level
 Necrotise                Necr           100%       1d9       0%          1
 Call Imp                 Summ           100%       N/A       0%          2
 Call Canine Familiar     Summ           100%       N/A       0%          3
 Summon Guardian Golem    Hex/Summ       99%        N/A       0%          3
 Summon Cactus Giant      Summ           58%        N/A       0%          6
 Foxfire                  Conj/Fire      100%       2x1d9     1%          1
 Freeze                   Ice            100%       1d10      1%          1
 Magic Dart               Conj           100%       1d8       1%          1
 Shock                    Conj/Air       100%       1d9       1%          1
 Slow                     Hex            100%       N/A       1%          1
 Sting                    Conj/Alch      100%       1d9       1%          1
 Jinxbite                 Hex            100%       N/A       1%          2
 Lesser Beckoning         Tloc           100%       N/A       1%          2
 Mercury Vapours          Alch/Air       90%        N/A       1%          2
 Momentum Strike          Conj/Tloc      100%       3d10      1%          2
 Scorch                   Fire           94%        2d8       1%          2
 Static Discharge         Conj/Air       90%        3-7/arc   1%          2
 Confusing Touch          Hex            74%        N/A       1%          3
 Frozen Ramparts          Ice            94%        1d15      1%          3
 Gell's Gravitas          Tloc           75%        N/A       1%          3
 Hailstorm                Conj/Ice       45%        3d10      1%          3
 Inner Flame              Hex/Fire       62%        N/A       1%          3
 Ozocubu's Armour         Ice            47%        N/A       1%          3
 Sigil of Binding         Hex            74%        N/A       1%          3
 Stone Arrow              Conj/Erth      90%        3d12      1%          3
 Swiftness                Air            47%        N/A       1%          3
 Teleport Other           Tloc           75%        N/A       1%          3
 Vampiric Draining        Necr           81%        2d11      1%          3
 Volatile Blastmotes      Fire/Tloc      100%       2d18      1%          3
 Animate Armour           Summ/Erth      100%       N/A       1%          4
 Animate Dead             Necr           81%        N/A       1%          4
 Cause Fear               Hex            37%        N/A       1%          4
 Dimensional Bullseye     Hex/Tloc       37%        N/A       1%          4
 Iskenderun's Mystic Bla  Conj/Tloc      61%        2d13      1%          4
 Summon Ice Beast         Ice/Summ       91%        N/A       1%          4
 Summon Lightning Spire   Summ/Air       91%        N/A       1%          4
 Vhi's Electric Charge    Tloc/Air       100%       N/A       1%          4
 Agony                    Necr           81%        N/A       1%          5
 Summon Forest            Summ/Tloc      49%        N/A       1%          5
 Mephitic Cloud           Conj/Alch/Air  44%        N/A       2%          3
 Spellforged Servitor     Conj/Summ      45%        N/A       3%          7
 Metabolic Englaciation   Hex/Ice        31%        N/A       4%          5
 Dispersal                Tloc           37%        N/A       5%          6
 Airstrike                Air            23%        2d(4-20)  6%          4
 Brom's Barrelling Bould  Conj/Erth      45%        2d6       7%          4
 Flame Wave               Conj/Fire      45%        2d12      7%          4
 Ignite Poison            Fire/Alch      45%        N/A       7%          4
 Leda's Liquefaction      Alch/Erth      22%        N/A       7%          4
 Petrify                  Alch/Erth      45%        N/A       7%          4
 Sticky Flame             Fire/Alch      45%        2d9       7%          4
 Fulminant Prism          Conj/Alch      21%        3d12      8%          4
 Olgreb's Toxic Radiance  Alch           43%        N/A       8%          4
 Simulacrum               Ice/Necr       33%        N/A       14%         6
 Lee's Rapid Deconstruct  Erth           23%        3d13*     16%         5
 Fireball                 Conj/Fire      22%        3d10      19%         5
 Freezing Cloud           Conj/Ice/Air   23%        6-21      19%         5
 Iskenderun's Battlesphe  Conj           43%        2d9       22%         5
 Enfeeble                 Hex            37%        N/A       32%         7
 Plasma Beam              Fire/Air       23%        2x1d35    65%         6
 Borgnjor's Revivificati  Necr           40%        N/A       69%         8
 Bombard                  Conj/Erth      22%        9d4       71%         6
 Conjure Ball Lightning   Conj/Air       22%        3x3d6     71%         6
 Starburst                Conj/Fire      22%        6d8       71%         6
 Eringya's Noxious Bog    Alch           21%        4d6       75%         6
 Discord                  Hex            37%        N/A       95%         8
 Ozocubu's Refrigeration  Ice            23%        4d12      99%         7
 Orb of Destruction       Conj           21%        9d8       100%        7
 Ignition                 Fire           23%        3d8       100%        8
 Lehudib's Crystal Spear  Conj/Erth      22%        10d6      100%        8


Dungeon Overview and Level Annotations

Branches:
Dungeon (15/15)            Temple (0/1) D:7            Lair (5/5) D:8
  Swamp (4/4) Lair:3       Spider (4/4) Lair:2        Slime (5/5) Lair:5
    Orc (2/2) D:11            Elf (3/3) Orc:2        Vaults (5/5) D:13
  Crypt (3/3) Vaults:2       Tomb (0/3) Crypt:3      Depths (4/4) D:15
    Zot (5/5) Depths:4    Ossuary (visited)           IceCv (visited)
Desolation (visited)

Altars:
Ashenzari
Elyvilon
Fedhas
Gozag
Makhleb
Nemelex Xobeh
Qazlal
Sif Muna
Trog
Vehumet
Wu Jian
Xom
Yredelemnul
Zin
The Shining One
Jiyva

Shops:
D:2 *   D:5 *   D:6 ?   D:8 *:(*   D:15 (*!   Orc:1 **   Orc:2 ([*:   Elf:1 [
Elf:3 :*:   Vaults:1 (   Vaults:2 =   Vaults:3 *   Depths:1 !   Depths:2 ::=
Depths:4 [

Portals:
Hell: Depths:1 Depths:2 Depths:3 Depths:4
Abyss: Depths:3 Depths:4
Pandemonium: Depths:2 Depths:3
Ziggurat: Depths:3
Trove: Elf:3 (give 7 scrolls of fog)

Annotations:
Lair:4 exclusion: oklob plant
Spider:4 2 transporters, Bizboz's ghost, adept DjAl
Orc:2 1 runed translucent door, exclusion: orange crystal statue
Elf:2 3 runed translucent doors, exclusion: door
Vaults:2 2 runed translucent doors, Yloucecuu's ghost, veteran SpEn
Crypt:1 Josephina
Zot:1 2 transporters, Hyollov's ghost, legendary FoHu
Zot:2 4 transporters


Innate Abilities, Weirdness & Mutations

You have razor-sharp teeth.
Your natural rate of healing is unusually fast.
When hurt, damage is shared between your health and your magic reserves.
Your bite disrupts and absorbs the magic of your enemies.
Potions cannot restore your health.
You have razor-sharp toenails.
Your mind is acute. (Int +4, Str/Dex -1)
You are clumsy. (Dex -2)
Your body sometimes deteriorates upon taking damage.


Message History

A cacodemon comes into view.
Unknown command.
(D) Dungeon (T) Temple (L) Lair (S) Swamp (N) Spider Nest (M) Slime Pits (O) Orcish Mines (E) Elven Halls (V) Vaults (C) Crypt (W) Tomb (U) Depths (H) Hell (Z) Zot
Where to? (Tab/Enter - D:1 @ (x,y), ? - help)
Okay, then.
Some rock shatters into small pieces.
The cacodemon moves out of view.
Your storm dragon disappears in a puff of smoke!
You can once more reach out to the dragon horde.
There is a stone staircase leading up here.
You climb upwards.
There is a stone staircase leading down here.
(D) Dungeon (T) Temple (L) Lair (S) Swamp (N) Spider Nest (M) Slime Pits (O) Orcish Mines (E) Elven Halls (V) Vaults (C) Crypt (W) Tomb (U) Depths (H) Hell (Z) Zot
Where to? (Tab/Enter - D:1 @ (x,y), ? - help)
There is an entrance to Dexowudgh's Assorted Antiques here.
HP restored.
Magic restored.
There is a stone staircase leading up here.
You climb upwards.
There is a stone staircase leading down here.
There is a stone staircase leading up here.
You climb upwards.
There is a stone staircase leading down here.
There is a stone staircase leading up here.
You climb upwards.
There is a stone staircase leading down here.
There is a stone staircase leading up here.
You climb upwards.
There is a stone staircase leading down here.
There is a stone staircase leading up here.
You climb upwards.
There is a stone staircase leading down here.
You see here a flux talisman.
There is a stone staircase leading up here.
You climb upwards.
There is a stone staircase leading down here.
There is a stone staircase leading up here.
You climb upwards.
There is a stone staircase leading down here.
You hear a grinding noise.
You sense a monster nearby.
A cacodemon comes into view.
Unknown command.
Casting: Dragon's Call (dangerous; 2% risk of failure)
Confirm with . or Enter, or press ? or * to list all spells.
You call out to the draconic realm, and the dragon horde roars back!
A sixfirhy comes into view.
A dragon arrives to answer your call!
Your golden dragon breathes cold at the sixfirhy.
The bolt of cold hits the sixfirhy!!!
The sixfirhy dies!
The cacodemon completely misses your golden dragon.
The cacodemon hits your golden dragon.
You hear a grinding noise.
The cacodemon gestures at you.
Your quicksilver dragon twists and deforms.
Your quicksilver dragon bites the cacodemon!
Your quicksilver dragon claws the cacodemon.
The cacodemon hits something!
The cacodemon closely misses something.
Your quicksilver dragon breathes dispelling energy at the cacodemon.
The bolt of dispelling energy hits the cacodemon!
A dragon arrives to answer your call!
Your quicksilver dragon bites the cacodemon but does no damage.
Your quicksilver dragon claws the cacodemon!
The cacodemon hits your quicksilver dragon!
The cacodemon hits your quicksilver dragon!!
Your quicksilver dragon bites the cacodemon but does no damage.
Your quicksilver dragon barely misses the cacodemon.
Your iron dragon bites the cacodemon but does no damage.
Your iron dragon claws the cacodemon!
Your iron dragon tramples the cacodemon.
The cacodemon holds its ground!
The cacodemon hits your quicksilver dragon.
The cacodemon hits your quicksilver dragon but does no damage.
Your quicksilver dragon bites the cacodemon.
Your quicksilver dragon completely misses the cacodemon.
A dragon arrives to answer your call!
Your quicksilver dragon barely misses the cacodemon.
Your quicksilver dragon claws the cacodemon!
Your quicksilver dragon breathes dispelling energy at the cacodemon.
The bolt of dispelling energy hits the cacodemon!!
Your iron dragon bites the cacodemon!
Your iron dragon claws the cacodemon!
The cacodemon dies!
(D) Dungeon (T) Temple (L) Lair (S) Swamp (N) Spider Nest (M) Slime Pits (O) Orcish Mines (E) Elven Halls (V) Vaults (C) Crypt (W) Tomb (U) Depths (H) Hell (Z) Zot
Where to? (Tab/Enter - D:1 @ (x,y), ? - help) Magic restored.
Your quicksilver dragon disappears in a puff of smoke!
There is an open door here.
You open the door.
There is an open door here.
There is a staircase leading out of the dungeon here.
You have escaped!

#..........##.>.##.######...÷....
#........#...................####
#.........†..........######..####
##.....####............####).....
##...## #..........#...........
##### #..##....##...##.......
##.###..##.............
#################..####
#.....@#.#......####
#.##.##'.'##.##.#
#...............# ####
#########.########.##### ##...
#......#...#.....#.#...###....
#......#.#'#####.#.#D#D#......
#......#.#.......#...#.#......
#......#.#.###########.##.....
#...##.#.#...........#§###....


There were no monsters in sight!

Vanquished Creatures
  2 caustic shrikes
  A death cob (Zot:5)
  Frances (D:13)
  A fire giant (Depths:3)
  A deep elf sorcerer (Vaults:4)
  An orc warlord (Orc:2)
  A spriggan defender (Depths:3)
  An ironbound preserver (Vaults:2)
  A quicksilver ooze (Slime:5)
  A war gargoyle (Vaults:5)
  A white draconian (IceCv)
  2 spark wasps
  An ettin (Depths:3)
  2 fire dragons
  A vault guard (Vaults:5)
  A peacekeeper (Desolation)
  2 hydras
  A two-headed ogre (D:11)
  Erica (D:9)
  2 centaur warriors
  A boulder beetle (D:13)
  A tengu warrior (D:13)
  3 orc high priests
  Nergalle (Lair:1)
  A skeletal warrior (Crypt:2)
  6 nameless horrors
  4 deep trolls
  An orb spider (Lair:2)
  A lindwurm (Vaults:3)
  An orc knight (D:14)
  An ironbound convoker (Vaults:3)
  An orc sorcerer (Orc:2)
  6 ugly things
  2 manticores
  A cyclops (D:10)
  10 elephants
  A guardian serpent (Desolation)
  A vault sentinel (Vaults:2)
  3 black mambas
  An ice statue (IceCv)
  11 cane toads
  A yaktaur (D:10)
  A komodo dragon (Lair:1)
  2 rime drakes
  A kobold demonologist (D:11)
  An efreet (D:13)
  2 polar bears (Lair:4)
  3 meliai (D:13)
  4 trolls
  A tyrant leech (Lair:5)
  9 blink frogs
  A saltling (Desolation)
  A glass eye (Depths:3)
  9 dream sheep
  2 tarantellas
  3 slime creatures
  36 yaks
  A shadow (D:9)
  2 basilisks
  7 vampire mosquitoes
  A warg (Orc:1)
  5 wyverns
  An acid dragon (D:9)
  12 water moccasins
  6 orc warriors
  3 ice beasts
  3 black bears
  A hornet zombie (Ossuary)
  2 ogres (D:11)
  An ogre (shapeshifter) (D:10)
  5 wolves (Lair:4)
  7 centaurs
  4 kobold brigands (D:11)
  6 bullfrogs
  A wyvern zombie (Ossuary)
  A water moccasin zombie (Ossuary)
  4 wights (D:7)
  A killer bee (D:8)
  2 howler monkeys (D:10)
  2 electric eels (Lair:5)
  2 centaur zombies (Ossuary)
  4 bullfrog zombies (Ossuary)
  8 orc priests
  A sleepcap (D:4)
  2 hounds
  A jelly (Lair:5)
  3 iguanas
  A hell rat (Lair:4)
  Natasha (twice) (D:3)
  9 orc wizards
  2 killer bee zombies (Ossuary)
  7 mummies (Ossuary)
  3 howler monkey zombies (Ossuary)
  6 gnolls
  2 adders
  An acid dragon simulacrum (IceCv)
  A white imp (D:7)
  A worm (D:3)
  2 dart slugs
  23 orcs
  An endoplasm (D:2)
  A giant cockroach (D:2)
  A goblin (D:4)
  3 hobgoblins
  3 jackals
  4 kobolds
  2 quokkas
  4 ball pythons
  2 bats (D:1)
  3 frilled lizards
  A rat (D:3)
344 creatures vanquished.

Vanquished Creatures (collateral kills)
  the Royal Jelly (Slime:5)
  Dissolution (Slime:3)
  A dread lich (Vaults:5)
  7 orbs of fire (Zot:5)
  2 ancient liches
  Mara (Depths:2)
  A royal mummy (Crypt:1)
  Vv (Depths:2)
  5 Killer Klowns
  5 caustic shrikes
  A curse toe (Zot:4)
  10 golden dragons
  Jory (Crypt:2)
  2 bone dragons (Depths:4)
  3 electric golems
  An Ice Fiend (D:9)
  Rupert (D:13)
  11 tentacled monstrosities
  Jorgrun (D:13)
  25 Orb Guardians (Zot:5)
  3 deep elf blademasters (Elf:3)
  5 liches
  11 sphinxes
  8 titans
  3 deep elf master archers
  6 quicksilver dragons
  4 death cobs
  17 acid blobs
  An ancient champion (Crypt:2)
  8 storm dragons
  Kirke (Spider:3)
  3 eldritch tentacles
  Agnes (Spider:1)
  A thorn hunter (Swamp:4)
  8 azure jellies
  11 rockslimes
  3 draconian monks
  8 shadow dragons
  5 tengu reavers
  A fenstrider witch (Swamp:3)
  4 draconian knights
  2 protean progenitors (Zot:1)
  5 fire giants
  2 revenants (Crypt:2)
  9 draconian shifters
  26 vault wardens
  6 deep elf sorcerers
  6 emperor scorpions
  7 draconian scorchers
  An iron dragon (Vaults:5)
  6 frost giants
  An orc warlord (D:14)
  An imperial myrmidon (Desolation)
  4 ghost moths
  4 deep elf elementalists (Elf:3)
  A cacodemon (D:1)
  A draconian stormcaller (Depths:4)
  12 ironbound preservers
  2 angels (Vaults:1)
  5 draconian annihilators
  4 formless jellyfish
  A demonspawn corrupter (D:11)
  8 ghouls
  10 very ugly things
  15 stone giants
  A demonspawn blood saint (D:11)
  3 broodmothers
  7 quicksilver oozes
  5 vampire knights
  8 purple draconians
  9 ironbound thunderhulks
  6 eleionomae
  3 deep elf demonologists (Elf:3)
  11 green draconians
  A demonspawn black sun (Depths:4)
  3 dire elephants (Vaults:1)
  7 deep elf death magi
  10 spark wasps
  10 deep elf annihilators
  A halazid warlock (Desolation)
  8 white draconians
  2 lorocyprocas
  10 yellow draconians
  3 bunyips
  A blizzard demon (Depths:3)
  4 black draconians
  12 red draconians
  8 crystal guardians
  The ghost of GreatBamboolord the Fighter, a journeyman OnGl of Ignis (D:11)
  5 eidola
  Snorg (D:13)
  2 mummy priests (Crypt:1)
  9 ettins
  7 fire dragons
  A merfolk impaler (Depths:3)
  11 ragged hierophants (Desolation)
  9 deep elf high priests
  3 jiangshi
  8 entropy weavers
  5 servants of whispers (Desolation)
  11 yaktaur captains
  2 shambling mangroves (Swamp:4)
  2 rakshasas
  2 great orbs of eyes
  30 vault guards
  14 peacekeepers
  6 ice dragons
  A hell beast (Depths:1)
  2 jorogumos
  9 centaur warriors
  26 hydras
  4 ogre magi
  8 ironbound frosthearts
  10 boulder beetles
  2 spriggan air magi
  4 ghost crabs
  10 alligators
  20 dancing weapons
  4 radroaches
  9 two-headed ogres
  A sphinx skeleton (Crypt:2)
  2 deep troll shamans
  4 death knights
  8 deep troll earth magi
  2 death scarabs (Spider:4)
  9 demonic crawlers
  3 occultists (Depths:1)
  3 vampire magi
  A bennu skeleton (Crypt:2)
  2 spriggan berserkers
  4 orc high priests
  A sun demon (Depths:3)
  2 soul eaters
  18 hell knights
  9 deep elf knights
  A skyshark (shapeshifter) (Vaults:5)
  A sixfirhy (D:1)
  6 skeletal warriors
  7 pharaoh ants
  5 iron trolls
  A skyshark (Lair:3)
  3 shadow wraiths
  5 goliath frogs
  8 bog bodies
  3 spriggan druids
  A glowing orange brain (shapeshifter) (Vaults:5)
  A cherub (D:15)
  3 shadow demons
  36 deep trolls
  19 deep elf archers
  5 orb spiders
  An anaconda zombie (Crypt:2)
  7 flayed ghosts
  6 glowing orange brains
  7 lindwurms
  A lindwurm (shapeshifter) (Vaults:5)
  A sun moth (Spider:2)
  11 orc knights
  An obsidian statue (Zot:5)
  4 arcanists
  23 ironbound convokers
  7 phantasmal warriors
  18 swamp dragons
  A wolf spider zombie (D:15)
  6 harpies
  33 deep elf pyromancers
  28 deep elf zephyrmancers
  10 steelbarb worms
  5 necromancers
  6 orc sorcerers
  2 shining eyes
  16 wolf spiders
  A frost giant zombie (Crypt:1)
  An alligator zombie (Crypt:1)
  40 ugly things
  3 cyclopes
  6 manticores
  4 will-o-the-wisps
  An ice statue (IceCv)
  3 kobold blastminers (Orc:2)
  2 guardian serpents (Desolation)
  23 moths of wrath
  4 torpor snails
  2 elephants (Zot:1)
  2 black mambas
  11 vault sentinels
  2 molten gargoyles (Desolation)
  3 gargoyles
  3 smoke demons
  2 unseen horrors
  A hellion (D:15)
  9 cane toads
  A tormentor (Depths:2)
  An efreet (D:14)
  A pale draconian zombie (Crypt:2)
  4 rime drakes
  2 tengu conjurers
  6 komodo dragons
  4 freezing wraiths (Crypt:2)
  2 guardian mummies (Elf:3)
  A grey draconian skeleton (Crypt:2)
  43 yaktaurs
  A merfolk (shapeshifter) (Vaults:5)
  4 trolls
  A harpy zombie (Crypt:2)
  2 bloated husks
  8 meliai
  52 saltlings (Desolation)
  16 hornets
  A snapping turtle (shapeshifter) (Elf:3)
  13 tyrant leeches
  2 glass eyes
  2 harpy skeletons
  2 hellwings (D:12)
  13 tarantellas
  11 blink frogs
  A raiju (shapeshifter) (D:13)
  7 dream sheep
  25 jumping spiders
  97 slime creatures
  A shadow (D:10)
  20 culicivoras
  2 air elementals
  14 spriggans
  12 water elementals
  Sigmund (D:2)
  A wyvern (Lair:2)
  3 wraiths
  5 basilisks
  A wyvern (shapeshifter) (Vaults:3)
  A dire elephant simulacrum (Crypt:2)
  5 hogs (Spider:3)
  A basilisk (shapeshifter) (D:13)
  2 wargs (Orc:1)
  14 yaks
  A fire elemental (Elf:2)
  12 golden eyes
  2 neqoxecs (D:11)
  2 humans (shapeshifter)
  3 humans (Vaults:4)
  41 redbacks
  A swamp worm (shapeshifter) (Depths:4)
  16 vampire mosquitoes
  4 water moccasins
  18 swamp worms
  4 acid dragons
  3 hell hounds (Depths:1)
  8 swamp drakes
  9 nameless horrors
  30 orc warriors
  3 sky beasts
  A meliai simulacrum (D:15)
  2 hornet zombies
  A black bear (D:6)
  5 boggarts (Vaults:1)
  9 ogres
  6 wolves
  15 centaurs
  A phantom (D:6)
  5 bullfrogs
  A necrophage (Crypt:1)
  3 gnoll sergeants
  A water moccasin zombie (Ossuary)
  A scorpion (shapeshifter) (D:13)
  2 earth elementals
  4 wights (D:7)
  A water moccasin skeleton (Crypt:2)
  4 lindwurm simulacra (IceCv)
  4 killer bees (D:8)
  5 electric eels
  A howler monkey (D:13)
  A bullfrog zombie (Ossuary)
  2 lava snakes (Elf:3)
  Crazy Yiuf (D:2)
  3 centaur zombies
  3 quasits (D:11)
  6 komodo dragon simulacra (IceCv)
  21 orc priests
  5 hounds
  A gnoll bouda (D:9)
  3 jellies
  Natasha (D:3)
  2 iguanas (D:5)
  23 orc wizards
  3 hell rats (Lair:4)
  A deep dwarf zombie (Crypt:2)
  5 mummies (Ossuary)
  A howler monkey zombie (Ossuary)
  6 gnolls
  8 acid dragon simulacra (IceCv)
  4 adders
  2 white imps
  2 steam dragon simulacra (IceCv)
  A dart slug (D:2)
  83 orcs
  2 endoplasms
  3 giant cockroaches
  11 goblins
  6 hobgoblins
  7 jackals
  3 quokkas
  3 training dummies (Elf:2)
  3 bats
  3 frilled lizards
  5 kobolds
  2 kobold skeletons
  An orc zombie (Crypt:1)
  5 rats
  An aspiring flesh (Zot:1)
2072 creatures vanquished.

Vanquished Creatures (others)
  17 eldritch tentacles
  2 draconian knights (Zot:4)
  A ghost moth (Zot:3)
  2 white draconians
  A deep elf knight (Elf:2)
  A deep elf zephyrmancer (Elf:2)
  A bloated husk (Swamp:1)
  A shadow (D:13)
  A human (Spider:3)
  An acid dragon (D:13)
  2 orc priests (Orc:2)
  An orc wizard (Orc:2)
  A gnoll (D:9)
  An orc (Orc:2)
  12 foxfires
45 creatures vanquished.

Grand Total: 2461 creatures vanquished

Notes
Turn   | Place    | Note
-------+----------+-------------------------------------------
     0 | D:1      | EnegeticOcto the Vine Stalker Summoner began the quest for
                  | the Orb.
     0 | D:1      | Reached XP level 1. HP: 9/9 MP: 4/4
   293 | D:1      | Reached XP level 2. HP: 10/13 MP: 1/6
   353 | D:1      | Reached skill level 3 in Stealth
   404 | D:1      | Learned a level 2 spell: Call Imp
   566 | D:1      | Reached skill level 3 in Spellcasting
   978 | D:2      | Reached XP level 3. HP: 16/16 MP: 4/8
  1118 | D:2      | Found a faded altar of an unknown god.
  1226 | D:2      | Learned a level 3 spell: Call Canine Familiar
  1423 | D:2      | Found Mefuiqip's General Store.
  1431 | D:2      | Bought a scroll of blinking for 105 gold pieces
  1545 | D:2      | Bought a scroll of teleportation for 42 gold pieces
  1856 | D:2      | Noticed Sigmund
  1870 | D:2      | Killed Sigmund
  1871 | D:2      | Reached skill level 4 in Spellcasting
  1871 | D:2      | Reached skill level 5 in Summonings
  1871 | D:2      | Reached XP level 4. HP: 21/21 MP: 2/11
  1871 | D:2      | Reached XP level 5. HP: 24/24 MP: 2/12
  1996 | D:2      | Found a runed translucent door.
  1997 | D:2      | Noticed Crazy Yiuf
  2173 | D:2      | Killed Crazy Yiuf
  2174 | D:2      | Reached XP level 6. HP: 28/28 MP: 3/13
  2651 | D:3      | Noticed Natasha
  2821 | D:3      | Killed Natasha
  3084 | D:3      | Noticed Natasha
  3089 | D:3      | Killed Natasha
  3090 | D:3      | Reached skill level 5 in Spellcasting
  3090 | D:3      | Reached skill level 6 in Summonings
  3194 | D:3      | Noticed Natasha
  3201 | D:3      | Killed Natasha
  3631 | D:3      | Found a stormy altar of Qazlal.
  3632 | D:3      | Found a sparkling altar of Nemelex Xobeh.
  3634 | D:3      | Found a white marble altar of Elyvilon.
  3640 | D:3      | Found a blossoming altar of Fedhas.
  3691 | D:3      | Found a shimmering altar of Xom.
  3693 | D:3      | Found a broken altar of Ashenzari.
  3696 | D:3      | Found an opulent altar of Gozag.
  3697 | D:3      | Found a burning altar of Makhleb.
  3700 | D:3      | Became a worshipper of Ashenzari the Shackled
  3909 | D:4      | Reached XP level 7. HP: 32/32 MP: 13/15
  3940 | D:4      | Reached skill level 1 in Fighting
  3940 | D:4      | Reached skill level 1 in Evocations
  4384 | D:5      | Entered Level 5 of the Dungeon
  4413 | D:5      | Reached skill level 4 in Stealth
  4550 | D:5      | Reached skill level 2 in Fighting
  4550 | D:5      | Reached skill level 2 in Evocations
  4789 | D:5      | Found Bargh's CLEARANCE SALE!.
  4797 | D:5      | Bought a potion of haste for 40 gold pieces
  4797 | D:5      | Bought a potion of attraction for 12 gold pieces
  4806 | D:5      | Reached skill level 7 in Summonings
  4806 | D:5      | Reached skill level 3 in Evocations
  4806 | D:5      | Gained mutation: You have razor-sharp teeth. [Vine Stalker
                  | growth]
  4806 | D:5      | Reached XP level 8. HP: 38/39 MP: 8/16
  5296 | D:5      | Learned a level 3 spell: Summon Guardian Golem
  5405 | D:6      | Reached skill level 1 in Hexes
  5570 | D:6      | Found Ydibreph's Magic Scroll Shop.
  5578 | D:6      | Bought a scroll of blinking for 105 gold pieces
  5597 | D:6      | Reached skill level 2 in Dodging
  5634 | D:6      | Reached skill level 8 in Summonings
  5853 | D:6      | Reached * piety under Ashenzari
  6036 | D:6      | Reached skill level 2 in Hexes
  6123 | D:6      | Reached skill level 3 in Fighting
  6123 | D:6      | Reached XP level 9. HP: 36/45 MP: 2/19
  6280 | D:7      | Noticed a hornet
  6291 | D:7      | Killed a hornet
  6292 | D:7      | Reached skill level 3 in Dodging
  6292 | D:7      | Reached skill level 6 in Spellcasting
  6292 | D:7      | Reached skill level 3 in Hexes
  6368 | D:7      | Found a staircase to the Ecumenical Temple.
  6479 | D:7      | Noticed a hornet
  6490 | D:7      | Killed a hornet
  6559 | D:7      | Reached skill level 4 in Fighting
  6796 | D:7      | Reached skill level 4 in Hexes
  6884 | D:7      | Reached skill level 4 in Dodging
  7131 | D:7      | Identified the orb "Coc Ofos" {guile, Str-5 Dex+7}
  7135 | D:7      | Reached ** piety under Ashenzari
  7333 | D:8      | Found a sand-covered staircase.
  7342 | Ossuary  | Entered an ossuary
  7394 | Ossuary  | Reached skill level 9 in Summonings
  7394 | Ossuary  | Reached XP level 10. HP: 51/51 MP: 23/23
  7527 | Ossuary  | Reached skill level 10 in Summonings
  7694 | D:8      | Paralysed by a hornet for 1 turns
  7932 | D:8      | Reached skill level 11 in Summonings
  7937 | D:8      | Found a staircase to the Lair.
  7947 | D:8      | Noticed a +0 rapier
  7955 | D:8      | Found Limih's Weapon Shop.
  7964 | D:8      | Noticed a +0 triple sword
  8159 | D:8      | Found Dexowudgh's Assorted Antiques.
  8164 | D:8      | Bought a warped steel ring for 115 gold pieces
  8164 | D:8      | Identified the ring of Gin and Tonic {rF+ rC- Str+6 Stlth+}
                  | (You bought it in a shop on level 8 of the Dungeon)
  8164 | D:8      | Bought a glowing bronze wand for 92 gold pieces
  8164 | D:8      | Bought a golden potion for 20 gold pieces
  8456 | D:8      | Found Fuceph's Book Shop.
  8492 | D:8      | Found Buicy's General Store.
  8735 | D:9      | Reached skill level 12 in Summonings
  9012 | D:9      | Noticed Erica
  9052 | D:9      | Killed Erica
  9053 | D:9      | Reached skill level 7 in Spellcasting
  9053 | D:9      | Reached XP level 11. HP: 55/56 MP: 11/24
  9373 | D:9      | Reached skill level 5 in Fighting
  9378 | D:9      | Reached skill level 1 in Armour
  9514 | D:9      | Noticed Maggie
  9516 | D:9      | Maggie changed into Maggie the wyvern
  9516 | D:9      | Noticed Maggie
  9526 | D:9      | Killed Maggie the wyvern
  9932 | D:9      | Found a shimmering blue altar of Sif Muna.
 10024 | D:10     | Entered Level 10 of the Dungeon
 10226 | D:10     | Reached skill level 2 in Armour
 10301 | D:10     | Reached *** piety under Ashenzari
 10301 | D:10     | Reached **** piety under Ashenzari
 10370 | D:10     | Reached skill level 8 in Spellcasting
 10416 | D:10     | Reached skill level 13 in Summonings
 10575 | D:10     | Noticed a centaur warrior
 10582 | D:10     | Noticed a two-headed ogre
 10594 | D:10     | Killed a centaur warrior
 10595 | D:10     | Reached skill level 6 in Fighting
 10595 | D:10     | Reached skill level 4 in Evocations
 10638 | D:10     | Killed a two-headed ogre
 10787 | D:10     | Noticed a harpy
 10792 | D:10     | a harpy changed into an ogre
 10929 | D:10     | Noticed a cyclops
 10943 | D:10     | Killed a cyclops
 11010 | D:10     | Noticed a two-headed ogre
 11018 | D:10     | Killed a two-headed ogre
 11019 | D:10     | Reached XP level 12. HP: 65/65 MP: 17/27
 11173 | Lair:1   | Entered Level 1 of the Lair of Beasts
 11232 | Lair:1   | Learned a level 2 spell: Blink
 11355 | Lair:1   | Reached skill level 9 in Spellcasting
 11446 | Lair:1   | Reached skill level 7 in Fighting
 11475 | Lair:1   | Reached skill level 5 in Dodging
 11569 | Lair:1   | Noticed Nergalle
 11716 | Lair:1   | Killed Nergalle
 11794 | Lair:1   | Reached skill level 10 in Spellcasting
 12086 | Lair:1   | Reached skill level 3 in Armour
 12207 | Lair:2   | Found a hole to the Spider Nest.
 12317 | Lair:2   | Reached skill level 6 in Dodging
 12395 | Lair:2   | Reached skill level 4 in Armour
 12445 | Lair:2   | Noticed a five-headed hydra
 12457 | Lair:2   | Killed a five-headed hydra
 12458 | Lair:2   | Reached XP level 13. HP: 46/70 MP: 14/30
 12661 | Lair:2   | Reached skill level 7 in Dodging
 13251 | Lair:3   | Found a staircase to the Swamp.
 13424 | Lair:3   | Reached skill level 8 in Dodging
 13455 | Lair:3   | Found the +7 lajatang of Order {silver, rMut}
 14258 | Lair:4   | Reached ***** piety under Ashenzari
 14428 | Lair:4   | Reached skill level 1 in Translocations
 14550 | Lair:4   | Reached skill level 11 in Spellcasting
 14550 | Lair:4   | Reached skill level 2 in Translocations
 14837 | Lair:4   | Identified the +0 ring mail of Farfalle {rPois Will+}
 14838 | Lair:4   | Reached skill level 3 in Translocations
 15206 | Lair:5   | Entered Level 5 of the Lair of Beasts
 15249 | Lair:5   | Reached skill level 1 in Shields
 15321 | Lair:5   | Reached skill level 2 in Shields
 15333 | Lair:5   | Reached skill level 4 in Translocations
 15477 | Lair:4   | Reached skill level 3 in Shields
 15553 | Lair:5   | Reached XP level 14. HP: 76/76 MP: 27/32
 15725 | Lair:5   | Reached skill level 12 in Spellcasting
 15744 | Lair:5   | Found a staircase to the Slime Pits.
 15766 | Lair:5   | Found a viscous altar of Jiyva.
 15799 | Lair:5   | Reached skill level 4 in Shields
 17127 | D:11     | Reached skill level 14 in Summonings
 17312 | D:11     | Found a transporter.
 17336 | D:11     | Found a transporter.
 17358 | D:11     | Noticed GreatBamboolord's ghost (journeyman OnGl)
 17472 | D:11     | Identified Sif Muna's Atlas of Scorched Chemistry
 17633 | D:11     | Found a staircase to the Orcish Mines.
 17907 | D:2      | Bought the Secrets of the Congregation and Last Rites for
                  | 672 gold pieces
 17913 | D:2      | Learned a level 5 spell: Summon Mana Viper
 18081 | D:11     | Gained mutation: You are clumsy. (Dex -2) [a neqoxec]
 18115 | D:11     | Killed GreatBamboolord's ghost
 18251 | D:12     | Reached skill level 13 in Spellcasting
 18288 | D:12     | Identified the +1 ring mail "Qobizar" {rPois Str+3}
 18355 | D:12     | Found a frozen archway.
 18364 | IceCv    | Entered an ice cave
 18914 | IceCv    | Noticed a white draconian
 18931 | IceCv    | Killed a white draconian
 19805 | Orc:1    | Entered Level 1 of the Orcish Mines
 19867 | Orc:1    | Reached skill level 15 in Summonings
 19935 | Orc:1    | Found Xuegar's Mass Market.
 20051 | Orc:1    | Found Naca Kan's Assorted Antiques.
 20266 | Orc:2    | Entered Level 2 of the Orcish Mines
 20343 | Orc:2    | Found the +10 tower shield of Ignorance {rN+ Int-4}
 20347 | Orc:2    | Found a runed translucent door.
 20373 | Orc:2    | Reached XP level 15. HP: 54/79 MP: 1/35
 20590 | Orc:2    | Found a staircase to the Elven Halls.
 20665 | Orc:2    | Found a runed translucent door.
 20879 | Orc:2    | Noticed an orc warlord
 21076 | Orc:2    | Reached skill level 16 in Summonings
 21076 | Orc:2    | Killed an orc warlord
 21402 | Orc:2    | Found Eruwn's Antique Armour Shop.
 21403 | Orc:2    | Found Ziny's Antique Weapon Boutique.
 21405 | Orc:2    | Found Cyveoxea's General Store.
 21405 | Orc:2    | Found Xufacar's Book Shop.
 21420 | Orc:2    | Bought a pair of jewelled boots for 256 gold pieces
 21420 | Orc:2    | Identified the -2 pair of boots "Hero's Friend" {*Slow
                  | rPois rN+ Dex+3} (You bought it in a shop on level 2 of the
                  | Orcish Mines)
 21701 | D:13     | Noticed Frances
 21759 | D:13     | Killed Frances
 21847 | D:13     | Noticed Snorg
 21857 | D:13     | Killed Snorg
 21883 | D:13     | Noticed Jorgrun
 21891 | D:13     | Killed Jorgrun
 21892 | D:13     | Reached skill level 17 in Summonings
 21896 | D:13     | Noticed Rupert
 22135 | D:13     | Killed Rupert
 22626 | D:13     | Reached skill level 18 in Summonings
 23166 | D:13     | Found a gate to the Vaults.
 23573 | D:14     | Noticed an orc warlord
 23575 | D:14     | Reached XP level 16. HP: 84/84 MP: 19/36
 23882 | D:14     | Identified the +2 pair of boots of Weresh {Will+ rCorr}
 23947 | D:14     | Reached skill level 14 in Spellcasting
 23961 | D:14     | Reached skill level 19 in Summonings
 23986 | D:14     | Learned a level 7 spell: Summon Hydra
 23996 | D:14     | Learned a level 9 spell: Dragon's Call
 24359 | D:15     | Entered Level 15 of the Dungeon
 24745 | D:15     | Found Zesamuomu's General Store.
 24758 | D:15     | Found Zamiu's Distillery.
 24767 | D:15     | Bought a potion of resistance for 150 gold pieces
 24767 | D:15     | Bought a potion of invisibility for 120 gold pieces
 24767 | D:15     | Bought a potion of haste for 150 gold pieces
 24767 | D:15     | Bought a potion of resistance for 150 gold pieces
 25108 | D:15     | Found Nafaath's Weapon Shop.
 25692 | D:15     | Found a staircase to the Depths.
 26291 | Swamp:1  | Entered Level 1 of the Swamp
 26306 | Swamp:1  | Reached skill level 20 in Summonings
 26346 | Swamp:1  | Identified a scroll of acquirement
 26356 | Swamp:1  | Acquired the ring "Mijathreg" {^Drain rElec MP+9 Str-4
                  | Slay+5}
 26505 | Swamp:1  | Reached skill level 15 in Spellcasting
 26966 | Swamp:2  | Reached XP level 17. HP: 82/88 MP: 13/38
 27461 | Swamp:3  | Reached skill level 8 in Fighting
 28082 | Swamp:4  | Entered Level 4 of the Swamp
 28101 | Swamp:4  | Reached skill level 16 in Spellcasting
 28108 | Swamp:4  | Reached skill level 9 in Fighting
 29007 | Swamp:4  | Identified Imim Dept's Parchment of Congelation and
                  | Movement
 29093 | Swamp:4  | Reached skill level 10 in Fighting
 29191 | Swamp:4  | Identified the +5 scale mail "Fiefomir" {Slay+3}
 29248 | Swamp:4  | Got a decaying rune of Zot
 29540 | Spider:1 | Entered Level 1 of the Spider Nest
 29540 | Spider:1 | Identified the +5 short sword of Reinforcement {drain,
                  | rElec rN+}
 29655 | Spider:1 | Reached XP level 18. HP: 93/98 MP: 21/41
 29721 | Spider:1 | Noticed Agnes
 29725 | Spider:1 | Killed Agnes
 29726 | Spider:1 | Reached skill level 17 in Spellcasting
 31081 | Spider:2 | Reached skill level 11 in Fighting
 33039 | Spider:3 | Reached skill level 5 in Shields
 33123 | Spider:3 | Reached skill level 12 in Fighting
 33123 | Spider:3 | Reached skill level 18 in Spellcasting
 33346 | Spider:3 | Noticed Kirke
 33350 | Spider:3 | Killed Kirke
 33610 | Spider:4 | Entered Level 4 of the Spider Nest
 33903 | Spider:4 | Reached skill level 6 in Shields
 34231 | Spider:4 | Reached XP level 19. HP: 109/109 MP: 41/45
 34372 | Spider:4 | Identified the +3 leather armour of the Barnacle {Will++
                  | Regen+ Dex+5}
 34608 | Spider:4 | Found a transporter.
 34608 | Spider:4 | Noticed Bizboz's ghost (adept DjAl)
 34614 | Spider:4 | Identified the +0 mace "Osozxopli" {flame, Will+}
 34622 | Spider:4 | Found a transporter.
 34872 | Spider:4 | Reached skill level 7 in Shields
 34952 | Spider:4 | Reached skill level 8 in Shields
 34952 | Spider:4 | Reached XP level 20. HP: 114/114 MP: 47/47
 34954 | Spider:4 | Got a gossamer rune of Zot
 34991 | Spider:4 | Lost mutation: You are clumsy. (Dex -2) [potion of
                  | mutation]
 34991 | Spider:4 | Gained mutation: You have sharp toenails. [potion of
                  | mutation]
 34991 | Spider:4 | Gained mutation: Your mind is acute. (Int +4, Str/Dex -1)
                  | [potion of mutation]
 35438 | Elf:1    | Entered Level 1 of the Elven Halls
 35622 | Elf:1    | Reached skill level 5 in Armour
 36039 | Elf:1    | Paralysed by an air elemental for 1 turns
 36041 | Elf:1    | Paralysed by an air elemental for 1 turns
 36044 | Elf:1    | Paralysed by an air elemental for 1 turns
 36063 | Elf:1    | Reached skill level 19 in Spellcasting
 36218 | Elf:1    | Identified the Catalogue of Summoning
 36273 | Elf:1    | Found Etip's Armour Shop.
 37121 | Elf:2    | Found a radiant altar of Vehumet.
 37187 | Elf:2    | Reached skill level 20 in Spellcasting
 37573 | Elf:2    | Found a runed translucent gate.
 37919 | Elf:2    | Found a runed translucent gate.
 37919 | Elf:2    | Found a runed translucent gate.
 38054 | Elf:3    | Entered Level 3 of the Elven Halls
 38280 | Elf:3    | Reached skill level 9 in Shields
 38309 | Elf:3    | Found Zucrezeh's Tremendous Tomes.
 38402 | Elf:1    | Bought the +3 pair of mountain boots {steadfast, rC+} for
                  | 402 gold pieces
 38402 | Elf:1    | Found the +3 pair of mountain boots {steadfast, rC+}
 38441 | Elf:2    | Reached XP level 21. HP: 119/119 MP: 46/50
 38676 | Elf:3    | Found Cassir's Book Shop.
 38684 | Elf:3    | Bought a manual of Fighting for 960 gold pieces
 38707 | Elf:3    | Paralysed by an air elemental for 1 turns
 38895 | Elf:3    | Found a portal to a secret trove of treasure.
 39006 | Elf:3    | Reached skill level 13 in Fighting
 39482 | Elf:3    | Reached skill level 9 in Dodging
 39533 | Elf:3    | Identified the Catalogue of Frostbitten Superposition
 39533 | Elf:3    | Identified the +10 long sword "Piuxt" {speed, rF++ Int+3}
 39533 | Elf:3    | Identified the +2 ring mail of Tortelloni {rElec Str+3}
 39533 | Elf:3    | Identified the +1 short sword of Honour {spect, Str+3
                  | Stlth+}
 39533 | Elf:3    | Identified the +5 shortbow of Eqenisar {speed, Stlth+}
 39534 | Elf:3    | Identified the staff of Lis Asot {rF+ Conj Fire}
 39755 | Elf:3    | Found Peott's Elven Fire.
 39788 | Elf:3    | Bought a +2 helmet of fire resistance for 430 gold pieces
 39990 | Elf:3    | Learned a level 1 spell: Apportation
 39998 | Elf:3    | Learned a level 7 spell: Malign Gateway
 40004 | Elf:3    | Learned a level 5 spell: Borgnjor's Vile Clutch
 40324 | Vaults:1 | Entered Level 1 of the Vaults
 40378 | Vaults:1 | Reached skill level 10 in Shields
 40393 | Vaults:1 | Reached skill level 1 in Necromancy
 40418 | Vaults:1 | Found a glowing golden altar of the Shining One.
 40418 | Vaults:1 | Found a white marble altar of Elyvilon.
 40419 | Vaults:1 | Found a crumbling gateway.
 40420 | Vaults:1 | Found a glowing silver altar of Zin.
 40506 | Desolati | Entered the Desolation of Salt
 40707 | Desolati | Reached skill level 14 in Fighting
 40709 | Desolati | Reached skill level 2 in Necromancy
 40808 | Desolati | Identified the +3 morningstar "Fekuxy" {pain, Will+}
 40840 | Desolati | Identified the Directory of the Grave and Tinctures
 40857 | Desolati | Reached skill level 3 in Necromancy
 40981 | Desolati | Identified the Atlas of Resurrection and the Crevasse
 41001 | Desolati | Identified the +8 whip "Ozunuk" {venom, rPois Int+2}
 41070 | Desolati | Identified the amulet of Rushryiz {Reflect ^Contam rCorr
                  | SH+5 SInv Stlth+}
 41293 | Desolati | Found the +8 mithril axe "Arga" {speed, Will+}
 41319 | Desolati | Learned a level 5 spell: Irradiate
 41320 | Desolati | Reached skill level 4 in Necromancy
 41334 | Desolati | Identified the ring "Arateiq" {Wiz Str+2 Int+3}
 41554 | Desolati | Identified the Precepts of Cryomancy
 42243 | Vaults:1 | Reached skill level 15 in Fighting
 42243 | Vaults:1 | Reached skill level 10 in Dodging
 42525 | Vaults:1 | Found Sesev's Antique Weapon Shop.
 42631 | Vaults:1 | Reached XP level 22. HP: 129/129 MP: 51/51
 42635 | Vaults:1 | Reached skill level 11 in Shields
 42636 | Vaults:1 | Reached skill level 5 in Necromancy
 43094 | Vaults:2 | Found a staircase to the Crypt.
 43679 | Vaults:2 | Reached skill level 6 in Necromancy
 43690 | Vaults:2 | Learned a level 2 spell: Sublimation of Blood
 43695 | Vaults:2 | Learned a level 4 spell: Anguish
 43702 | Vaults:2 | Learned a level 6 spell: Death Channel
 43872 | Vaults:2 | Found Messupta's Jewellery Shop.
 43996 | Vaults:2 | Found a large runed translucent door.
 43996 | Vaults:2 | Found a large runed translucent door.
 43996 | Vaults:2 | Noticed Yloucecuu's ghost (veteran SpEn)
 44319 | Vaults:3 | Reached skill level 5 in Evocations
 44613 | Vaults:3 | Found the +8 longbow "Zephyr" {speed, Dex+3 SInv}
 44735 | Vaults:3 | Reached skill level 6 in Evocations
 44737 | Vaults:3 | Reached skill level 11 in Dodging
 44746 | Vaults:3 | Reached skill level 12 in Shields
 45069 | Vaults:3 | Found Zytan's Assorted Antiques.
 45705 | Vaults:4 | Reached skill level 7 in Evocations
 45772 | Vaults:4 | Reached XP level 23. HP: 139/139 MP: 26/53
 45820 | Vaults:4 | Found a flickering gateway to a bazaar.
 45829 | Bazaar   | Entered a bazaar
 45829 | Bazaar   | Found Rabiupper's Antique Armour Shop.
 45829 | Bazaar   | Found Otiackuc's Book Emporium.
 45878 | Bazaar   | Found Eridamn's Antique Weapon Boutique.
 45887 | Bazaar   | Found Elemueny's Magic Scroll Boutique.
 45895 | Bazaar   | Bought a scroll of blinking for 75 gold pieces
 45895 | Bazaar   | Bought a scroll of fear for 40 gold pieces
 45895 | Bazaar   | Bought a scroll of blinking for 75 gold pieces
 45895 | Bazaar   | Bought a scroll of fear for 40 gold pieces
 46065 | Vaults:4 | Identified the +10 dagger of the Thirteen Mice {protect,
                  | Will+ rCorr Str+2}
 46104 | Vaults:4 | Reached skill level 13 in Shields
 46107 | Vaults:4 | Reached skill level 12 in Dodging
 47151 | Depths:1 | Entered Level 1 of the Depths
 47192 | Depths:1 | Reached skill level 16 in Fighting
 47405 | Depths:1 | Found Raseivep's Distillery.
 47446 | Depths:1 | Bought a potion of brilliance for 52 gold pieces
 47446 | Depths:1 | Bought a potion of invisibility for 104 gold pieces
 47446 | Depths:1 | Bought a potion of enlightenment for 65 gold pieces
 47482 | Depths:1 | Found a gateway to Hell.
 47521 | Depths:1 | Identified the +4 scimitar of Doubt {drain, rElec rC+}
 48141 | Depths:2 | Noticed Vv
 48150 | Depths:2 | Killed Vv
 48151 | Depths:2 | Reached skill level 17 in Fighting
 48221 | Depths:2 | Found Itixix's Jewellery Emporium.
 48221 | Depths:2 | Found Miemius's Book Shop.
 48222 | Depths:2 | Found Vyoqiergh's Book Shop.
 48338 | Depths:2 | Noticed a golden dragon
 48339 | Depths:2 | Noticed a caustic shrike
 48339 | Depths:2 | Noticed a caustic shrike
 48339 | Depths:2 | Noticed a caustic shrike
 48638 | Depths:2 | Reached skill level 14 in Shields
 48670 | Depths:2 | Killed a caustic shrike
 48813 | Depths:2 | Killed a caustic shrike
 48814 | Depths:2 | Reached skill level 13 in Dodging
 48835 | Depths:2 | Killed a caustic shrike
 48843 | Depths:2 | Killed a golden dragon
 49093 | Depths:2 | Noticed Mara
 49112 | Depths:2 | Killed Mara
 49113 | Depths:2 | Reached XP level 24. HP: 148/148 MP: 48/53
 49127 | Depths:2 | Identified the +2 pair of gloves of Peoxto Nedimp {Dex+3}
 49383 | Depths:2 | Found a one-way gate leading to the halls of Pandemonium.
 49764 | Depths:2 | Found an ornate altar of the Wu Jian Council.
 50139 | Depths:3 | Found a one-way gateway to a ziggurat.
 50284 | Depths:3 | Found a stormy altar of Qazlal.
 50352 | Depths:3 | Found a one-way gate to the infinite horrors of the Abyss.
 50512 | Depths:3 | Reached skill level 15 in Shields
 50697 | Depths:3 | Found a runed translucent door.
 50699 | Depths:3 | Found a runed translucent door.
 51315 | Depths:3 | Noticed a caustic shrike
 51317 | Depths:3 | Identified the amulet "Put-Me-On" {Faith +Inv Will+ Slay-5
                  | Stlth+}
 51321 | Depths:3 | Killed a caustic shrike
 51329 | Depths:3 | Reached skill level 16 in Shields
 51335 | Depths:3 | Identified the ring "Rufair" {*Slow Fly rF+++ rC- Int+5}
 51418 | Depths:3 | Identified the ring of Paupeuc {Ice MP+9 SInv}
 51430 | Depths:3 | Identified the ring "Exayruk" {Fire Int+3 Dex+3 SInv}
 51797 | Depths:3 | Reached skill level 21 in Summonings
 51894 | Depths:4 | Entered Level 4 of the Depths
 51950 | Depths:4 | Found Xomm's Armour Shop.
 52240 | Depths:4 | Found a gate to the Realm of Zot.
 52431 | Depths:4 | Noticed a caustic shrike
 52431 | Depths:4 | Noticed a caustic shrike
 52434 | Depths:4 | Noticed a caustic shrike
 52437 | Depths:4 | Killed a caustic shrike
 52439 | Depths:4 | Killed a caustic shrike
 52442 | Depths:4 | Killed a caustic shrike
 53588 | Crypt:1  | Entered Level 1 of the Crypt
 54149 | Crypt:1  | Identified the +2 chain mail "Xassixza" {Will+}
 54500 | Crypt:1  | Noticed a royal mummy
 54510 | Crypt:1  | Killed a royal mummy
 54511 | Crypt:1  | Reached skill level 17 in Shields
 54516 | Crypt:1  | Noticed a royal mummy
 54520 | Crypt:1  | Identified the ring of the Rose {Ice rPois Int+3}
 54520 | Crypt:1  | Noticed Josephina
 54602 | Crypt:2  | Noticed Jory
 55018 | Slime:1  | Entered Level 1 of the Pits of Slime
 55261 | Slime:1  | Reached XP level 25. HP: 135/154 MP: 32/54
 55684 | Slime:2  | Reached skill level 22 in Summonings
 55749 | Slime:3  | Noticed Dissolution
 55756 | Slime:3  | Killed Dissolution
 56230 | Slime:5  | Entered Level 5 of the Pits of Slime
 56230 | Slime:5  | Identified the staff of Wounding {Dex+2 Conj}
 56230 | Slime:5  | Identified the Annotations on Phlogiston
 56230 | Slime:5  | Identified the Elucidation of the Stories
 56230 | Slime:5  | Identified the +3 leather armour of Experimentation {rF+
                  | Regen+ Dex+2}
 56230 | Slime:5  | Identified the +7 war axe of the Stopping Seer {drain, rN+
                  | Will+ Dex+4}
 56253 | Slime:5  | Noticed the Royal Jelly
 56271 | Slime:5  | Killed the Royal Jelly
 56354 | Slime:5  | Reached skill level 18 in Shields
 56638 | Slime:5  | Got a slimy rune of Zot
 56655 | Slime:5  | Identified the ring "Ykkuer" {rPois rF- rC+++ rCorr AC+4}
 56655 | Slime:5  | Identified the ring of Qilag {rPois rF+ AC+4 Int-5 Dex+5}
 57474 | Vaults:5 | Entered Level 5 of the Vaults
 57560 | Vaults:5 | Reached skill level 19 in Shields
 57741 | Vaults:5 | Identified the +4 spear of Nomalir {drain, rCorr Dex+2
                  | Stlth+}
 58198 | Vaults:5 | Reached skill level 20 in Shields
 58372 | Vaults:5 | Got a silver rune of Zot
 58453 | Vaults:5 | Noticed an ancient lich
 58464 | Vaults:5 | Killed an ancient lich
 58485 | Vaults:5 | Reached XP level 26. HP: 150/160 MP: 31/54
 58720 | Vaults:5 | Reached skill level 21 in Shields
 58797 | Vaults:5 | Identified the +4 spear "Ceguaza" {protect, Str+3}
 58962 | Vaults:5 | Noticed a dread lich
 58971 | Vaults:5 | Killed a dread lich
 59240 | Vaults:5 | Identified the +0 cloak of the Centaur {-Tele rElec rN+}
 59244 | Vaults:5 | Identified the Folio of Dynamic Despicable Magicks
 59451 | Vaults:5 | Identified the +0 robe "Yhiavupe" {Dex+3}
 59716 | Vaults:5 | Identified the ring of Vausib {Fly rPois Int+2}
 59718 | Vaults:5 | Identified the +6 scale mail of Indomitability {rC- Dex+4}
 60296 | Zot:1    | Entered Level 1 of the Realm of Zot
 60320 | Zot:1    | Reached skill level 22 in Shields
 60742 | Zot:1    | Found a transporter.
 60744 | Zot:1    | Found a transporter.
 60748 | Zot:1    | Noticed Hyollov's ghost (legendary FoHu)
 60748 | Zot:1    | Identified the +0 cloak of Ilod {rCorr Int+2}
 60749 | Zot:1    | Found a bloodstained altar of Trog.
 60749 | Zot:1    | Identified the staff "Perhuint" {Will+ Str+4 Conj Summ
                  | Tloc}
 60756 | Zot:1    | Identified the +1 cloak of Zedaojow {Harm rElec Dex-3}
 60785 | Zot:1    | Identified the +0 cloak of the Heavens {rElec rC++ rCorr
                  | Str-2}
 61173 | Zot:2    | Found a transporter.
 61270 | Zot:2    | Found a transporter.
 61276 | Zot:2    | Found a transporter.
 61277 | Zot:2    | Reached ****** piety under Ashenzari
 61376 | Zot:2    | Found a transporter.
 62197 | Zot:3    | Noticed a Killer Klown
 62213 | Zot:3    | Killed a Killer Klown
 62214 | Zot:3    | Reached skill level 23 in Shields
 62237 | Zot:3    | Identified the ring "Fyngosche" {Fly rPois rC+++ MP-9}
 62906 | Zot:3    | Identified the +5 longbow of Wu Jian's Indignation {flame,
                  | ^Drain Dex+7}
 63199 | Zot:4    | Reached XP level 27. HP: 159/168 MP: 36/55
 63821 | Zot:4    | Reached skill level 24 in Shields
 64492 | Zot:5    | Entered Level 5 of the Realm of Zot
 65780 | Zot:5    | Noticed an orb of fire
 65795 | Zot:5    | Killed an orb of fire
 65953 | Zot:5    | Noticed an orb of fire
 65955 | Zot:5    | Gained mutation: Your body sometimes deteriorates upon
                  | taking damage. [an orb of fire]
 65957 | Zot:5    | Gained mutation: You have razor-sharp toenails. [an orb of
                  | fire]
 65961 | Zot:5    | Killed an orb of fire
 65974 | Zot:5    | Noticed an orb of fire
 65984 | Zot:5    | Killed an orb of fire
 65985 | Zot:5    | Reached skill level 25 in Shields
 66781 | Zot:5    | Noticed an orb of fire
 66787 | Zot:5    | Killed an orb of fire
 66828 | Zot:5    | Noticed an orb of fire
 66836 | Zot:5    | Gained mutation: You are clumsy. (Dex -2) [an orb of fire]
 66846 | Zot:5    | Killed an orb of fire
 66854 | Zot:5    | Noticed an ancient lich
 66873 | Zot:5    | Killed an ancient lich
 67500 | Zot:5    | Reached skill level 26 in Shields
 67501 | Zot:5    | Noticed an orb of fire
 67513 | Zot:5    | Killed an orb of fire
 67522 | Zot:5    | Noticed an orb of fire
 67528 | Zot:5    | Killed an orb of fire
 69568 | Crypt:2  | Killed Jory
 69629 | Crypt:2  | Found a basalt altar of Yredelemnul.
 69792 | Crypt:3  | Entered Level 3 of the Crypt
 69854 | Crypt:3  | Found a staircase to the Tomb.
 69861 | Crypt:3  | Reached skill level 27 in Shields
 70453 | Zot:5    | Got the Orb of Zot
 70612 | Depths:4 | Noticed Ataoshrylle the pandemonium lord
 70612 | Depths:4 | Noticed an ancient lich
 71107 | D:$      | Escaped with the Orb!

Illustrated notes

Levels and vault maps discovered:
D:1:      onia_arrival_mini_maze_b, layout_rooms
D:2:      layout_loops_corners, basic_ecumenical_altar, serial_shops, shop,
          nicolae_figureground_pulse, uniq_crazy_yiuf_cottage, uniq_sigmund
D:3:      layout_rooms, nicolae_overflow_hallway_of_the_gods,
          minmay_misc_feat_secret_circle, roderic_serpentine_path, uniq_natasha
D:4:      kennysheep_the_goblin_king, layout_gridville
D:5:      layout_rooms, eino_small_chamber_without_monster,
          nicolae_shop_clearance
D:6:      layout_gridville, serial_shops, nicolae_shop_gibbet_a_chance
D:7:      layout_rooms, minmay_temple_entry_sparse_star
D:8:      layout_basic, erik_lair_island, nicolae_ossuary_entry_monument,
          serial_shops, shop, shop, nicolae_shop_mannequins, shop
D:9:      layout_roguey, lemuel_coloured_pillars_altar, serial_bayou_pond_c,
          nicolae_water_bricks, uniq_maggie, uniq_erica
D:10:     layout_rooms, minmay_pinched_square
D:11:     layout_roguey, kennysheep_orc_monster_closet_entryway,
          gammafunk_ghost_stat_death, grunt_ministairs_14, roderic_malta_cross
D:12:     layout_layer_cave, portal_ice_cave_entry_pillars_1
D:13:     layout_basic, david_vaults_4, kennysheep_kite_vault, uniq_jorgrun,
          uniq_rupert, uniq_snorg, uniq_frances
D:14:     layout_basic, nicolae_kite_square_tiling_tiny, lightli_church_of_beogh
D:15:     grunt_enter_depths_magical_seal, layout_loops_corners, serial_shops,
          shop, shop, nicolae_shop_industrial_runoff, hangedman_glass_teeth
Lair:1:   layout_chaotic_city, uniq_nergalle
Lair:2:   layout_misc_corridors, nicolae_spider_entry_orb_guardian
Lair:3:   layout_roguey, minmay_swamp_entry_reptiles, patterned_corridor
Lair:4:   layout_cave_pods, grunt_forest_large_clearings,
          infiniplex_staircase_pool_2, serial_bayou_shore_a, grunt_megastairs_5
Lair:5:   minmay_lair_end_frog_pond, layout_cave_pods,
          nicolae_slime_entry_field_trip
Swamp:1:  layout_falls_marsh, evilmike_swamp_ruin_house_6, swamp_pool_3,
          nicolae_swamp_decorative_isthmus
Swamp:2:  layout_basic_swamp, nicolae_swamp_tree_isthmus,
          infiniplex_staircase_pool
Swamp:3:  layout_basic_swamp, serial_swamp_ruin, evilmike_swamp_ruin_wall,
          hangedman_swamp_ruin_wall
Swamp:4:  swamp_basic_johnstein, layout_basic_swamp
Spider:1: layout_chambers, nicolae_spider_twisty_arc_passages,
          hangedman_spider_tarantella_strand, uniq_agnes
Spider:2: layout_chambers
Spider:3: layout_spider_delve, uniq_kirke
Spider:4: hellmonk_spider_rune_bug_friends, gammafunk_ghost_arena
Slime:1:  layout_caves
Slime:2:  layout_caves
Slime:3:  layout_caves, dissolution_awaits, uniq_dissolution
Slime:4:  layout_caves
Slime:5:  slime_pit_nicolae_jellycorners
Orc:1:    layout_caves, serial_shops, shop, minmay_shop_mass
Orc:2:    st_orc_congregation, layout_diamond_mine,
          chequers_guarded_unrand_ignorance
Elf:1:    elf_arrival_001, layout_onion_city, serial_shops, shop,
          minmay_elf_demonology
Elf:2:    nicolae_elf_blades_crystal_corner, layout_loops_corners, basic_altar,
          nicolae_elf_archery_training, uniq_louise
Elf:3:    minmay_elf_hall_statues, layout_gridlike, serial_shops,
          nicolae_shop_hallway_plus, nicolae_trove_entry_path_of_doom,
          nicolae_shop_i_like_big_books, guppyfry_elf_lava
Vaults:1: portal_desolation_entry_holy_temple, v_misc_17, v_misc_29,
          nicolae_vaults_hexular_roomagon, hangedman_vaults_slither,
          nicolae_vaults_tangram_1, nicolae_vaults_sightless_eye,
          nicolae_vaults_double_plus_1, nicolae_vaults_little_squares_1,
          vaults_dpeg_doors, nicolae_vaults_tetromino_T_2,
          vaults_room_stairs_pillars, layout_vaults_omnibox, serial_shops,
          nicolae_shop_hallway_stairs
Vaults:2: advil_vaults_ghost_guards, hangedman_vaults_variations,
          ontoclasm_vaults_tryst, grunt_vaults_twisty,
          nicolae_vaults_oval_intersection, ontoclasm_vaults_spin,
          minmay_crypt_entry_simple_corners, ontoclasm_vaults_gateway,
          layout_vaults_omnigrid, serial_shops, shop
Vaults:3: st_octagons_2, v_pattern_3, nicolae_vaults_diamond_2,
          vaults_mumra_minichess_inversion,
          nicolae_vaults_windows_and_doors_thing, ontoclasm_vaults_twist,
          nicolae_vaults_specimen_jars, nicolae_vaults_diamond_1,
          vaults_room_semicircle, nicolae_vaults_little_squares_3,
          layout_vaults_omnicross, serial_shops, nicolae_shop_statue_plus
Vaults:4: v_misc_9, nicolae_vaults_stand_back, ontoclasm_vaults_loading_screen,
          vaults_dpeg_diagonal, hangedman_vaults_locks,
          hangedman_vaults_stitches, hangedman_vaults_nails,
          vaults_room_octagon, grunt_vaults_diagonal, nicolae_vaults_tangram_2,
          nicolae_vaults_closet_pinwheel_5, nicolae_vaults_sesquioval_fish,
          layout_vaults_maze, serial_shops, bzr_entry_customers
Vaults:5
Crypt:1:  minmay_guarded_unrand_sceptre_of_torment, layout_gridlike,
          roderic_lattice_octagonal_star, uniq_josephina
Crypt:2:  layout_regular_city, minivault_25, lemuel_statue_altar, st_stairs_11,
          grunt_ministairs_8, uniq_jory
Crypt:3:  due_elkab, layout_chaotic_city, uniq_sojobo, uniq_xtahua
Depths:1: layout_gridlike, serial_shops, shop, grunt_metal_band,
          chequers_serial_rivers_micro_e, special_room
          [special_room_mythical_zoo], nicolae_titane, serial_bayou_shore_b
Depths:2: grunt_deathspiral_small, layout_long_grid, grunt_pan_entry_zigzag,
          hangedman_tar_grid_catacomb, pdpol_wu_jian_five_deadly_venoms,
          minmay_shop_grove, uniq_vv, uniq_mara
Depths:3: minmay_the_grid_triangle_9x9_recursive_3
          [minmay_the_grid_triangle_9x9_corrupted_corridor,
          minmay_the_grid_triangle_9x9_semitri,
          minmay_the_grid_triangle_9x9_from_above,
          minmay_the_grid_triangle_9x9_prize_special,
          minmay_the_grid_triangle_9x9_tough_junction,
          minmay_the_grid_triangle_9x9_odd_lines,
          minmay_the_grid_triangle_9x9_zippers_vertical,
          minmay_the_grid_triangle_9x9_checkered,
          minmay_the_grid_triangle_9x9_empty], layout_cave_pools,
          enter_ziggurat_a, nicolae_concentric_dashed_squares_wild,
          rand_demon_pan_entry_7, hangedman_coc_ice_floe, abyss_entry,
          grunt_qazlal_clouds
Depths:4: grunt_zot_entry_hairpin, layout_gridlike, abyss_entry, serial_shops,
          shop, grunt_hell_entry_dis_old, hangedman_decor_riveting
Zot:1:    layout_cellular_growth, gammafunk_ghost_wrathful_warriors
Zot:2:    layout_gridlike, nicolae_transporter_circle
Zot:3:    layout_concentric_octagons, regret_index_zotdec_bone_old
Zot:4:    layout_gridlike, regret_index_zotdec_stipple_waver
Zot:5:    layout_misc_corridors

Skill      XL: |  1  2  3  4  5  6  7  8  9 10 11 12 13 14 15 16 17 18 19 20 21 22 23 24 25 26 27 |
---------------+----------------------------------------------------------------------------------+-----
Stealth        | 3 4 |  4.0
Spellcasting   | 3 4 5 6 7 8 10 11 13 15 16 18 20 | 20.7
Summonings     | 5 6 7 8 9 12 13 15 18 20 21 22 | 22.2
Fighting       | 2 3 4 6 7 10 12 15 17 | 17.9
Evocations     | 3 4 7 |  7.7
Hexes          | 2 4 |  4.0
Dodging        | 2 4 6 8 10 11 13 | 13.3
Armour         | 2 4 5 |  5.2
Translocations | 4 |  4.3
Shields        | 3 4 6 8 9 10 12 14 17 20 23 27 | 27.0
Necromancy     | 4 6 |  6.0

Action                     |  1- 3 |  4- 6 |  7- 9 | 10-12 | 13-15 | 16-18 | 19-21 | 22-24 | 25-27 || total
---------------------------+-------+-------+-------+-------+-------+-------+-------+-------+-------++-------
  Melee: Unarmed           |    10 |       |       |       |       |       |       |       |       ||    10
         Bite              |     6 |     3 |    30 |   127 |   504 |    50 |    11 |    29 |    27 ||   787
         Spear             |    18 |       |       |       |       |       |       |       |       ||    18
         Dagger            |    16 |     1 |       |       |       |       |       |       |       ||    17
         Quarterstaff      |       |    27 |   107 |   327 |   158 |       |       |       |       ||   619
         Rapier            |       |       |       |       |   954 |    61 |       |       |       ||  1015
         Staff             |       |       |       |       |       |    13 |     5 |       |       ||    18
         Short sword       |       |       |       |       |       |    16 |     4 |       |       ||    20
         Long sword        |       |       |       |       |       |       |     9 |    43 |    42 ||    94
   Cast: Summon Small Mamm |    30 |     5 |       |     2 |     2 |       |       |       |       ||    39
         Call Imp          |    19 |    16 |    33 |    64 |    45 |       |       |       |       ||   177
         Call Canine Famil |     3 |    23 |    74 |   108 |   269 |    26 |       |       |       ||   503
         Summon Mana Viper |       |       |       |       |   107 |    34 |       |     2 |     2 ||   145
         Blink             |       |       |       |       |     1 |     5 |       |     1 |     1 ||     8
         Summon Hydra      |       |       |       |       |       |   124 |    79 |   104 |    59 ||   366
         Dragon's Call     |       |       |       |       |       |    50 |    53 |    71 |    75 ||   249
         Apportation       |       |       |       |       |       |       |    18 |       |       ||    18
         Death Channel     |       |       |       |       |       |       |       |    17 |    48 ||    65
         Anguish           |       |       |       |       |       |       |       |     5 |     3 ||     8
         Malign Gateway    |       |       |       |       |       |       |       |       |    21 ||    21
 Invoke: Curse Item        |       |       |     3 |     3 |     2 |     2 |     3 |     4 |     1 ||    18
         Shatter the Chain |       |       |       |       |     3 |       |     4 |     1 |       ||     8
  Evoke: Wand              |       |       |     2 |     8 |     2 |     4 |       |       |     2 ||    18
         Lightning rod     |       |       |       |     3 |    11 |     3 |       |     7 |     6 ||    30
         Phantom mirror    |       |       |       |       |       |     1 |       |       |       ||     1
         Tin of tremorston |       |       |       |       |       |       |       |     2 |     2 ||     4
         Sack of spiders   |       |       |       |       |       |       |       |     1 |     1 ||     2
    Use: Scroll            |       |     2 |     9 |     3 |     6 |    10 |     1 |     4 |    13 ||    48
         Potion            |       |       |       |     1 |     1 |     2 |     2 |     2 |     1 ||     9
   Stab: Distracted        |     1 |       |     2 |     2 |    14 |     1 |     1 |     5 |     1 ||    27
         Sleeping          |       |       |     1 |     1 |     5 |       |       |       |       ||     7
         Confused          |       |       |       |     3 |       |       |       |       |       ||     3
         Paralysed         |       |       |       |       |       |       |       |       |     1 ||     1
 Armour: Robe              |    30 |    16 |    57 |    52 |       |       |       |       |       ||   155
         Ring mail         |       |       |       |    49 |       |       |       |       |       ||    49
         Leather armour    |       |       |       |   116 |   712 |   260 |   114 |   136 |   162 ||  1500
  Dodge: Dodged            |    30 |    21 |   110 |   395 |  1045 |   172 |   116 |   162 |   159 ||  2210
  Block: Other             |       |       |    18 |    12 |       |       |       |       |       ||    30
         Buckler           |       |       |       |       |   264 |    76 |    49 |   100 |    37 ||   526
         Kite shield       |       |       |       |       |       |       |       |       |   177 ||   177

Table legend: (Time is in decaauts)
 A = Elapsed time spent in this place.
 B = Non-inter-level travel time spent in this place.
 C = Inter-level travel time spent in this place.
 D = Time resting spent in this place.
 E = Time spent auto-exploring this place.
 F = Levels seen in this place.
 G = Mean time per level.
                   A        B        C        D        E       F      G
               +--------+--------+--------+--------+--------+-----+--------+
         Total |  71564 |  64391 |   7173 |  11607 |  36666 |  59 | 1212.9 |
       Dungeon |  19786 |  16701 |   3085 |   1050 |  11335 |  15 | 1319.1 |
          Lair |   6145 |   5618 |    527 |    127 |   3898 |   5 | 1229.0 |
         Swamp |   3468 |   3302 |    166 |    697 |   1756 |   4 |  867.0 |
   Spider Nest |   5745 |   5298 |    447 |   1183 |   3029 |   4 | 1436.2 |
    Slime Pits |   2082 |   1987 |     95 |    356 |   1194 |   5 |  416.4 |
  Orcish Mines |   1824 |   1657 |    167 |    141 |    877 |   2 |  912.0 |
   Elven Halls |   4639 |   4421 |    218 |   1140 |   2246 |   3 | 1546.3 |
        Vaults |   8113 |   7253 |    860 |    981 |   4368 |   5 | 1622.6 |
         Crypt |   2236 |   2121 |    115 |    958 |    790 |   3 |  745.3 |
        Depths |   6736 |   5838 |    898 |   1064 |   3496 |   4 | 1684.0 |
           Zot |   8259 |   7668 |    591 |   3434 |   2747 |   5 | 1651.8 |
        Bazaar |    102 |    102 |      0 |      0 |     76 |   1 |  102.0 |
       Ossuary |    324 |    324 |      0 |      0 |     63 |   1 |  324.0 |
      Ice Cave |    783 |    783 |      0 |    309 |    164 |   1 |  783.0 |
    Desolation |   1314 |   1314 |      0 |    167 |    626 |   1 | 1314.0 |
               +--------+--------+--------+--------+--------+-----+--------+

Top non-repeatable levels by time:
   Zot:5: 3801 daAuts
Vaults:5: 2448 daAuts
    D:15: 2310 daAuts
    D:13: 2264 daAuts
Depths:2: 2153 daAuts
Spider:1: 1822 daAuts
Depths:3: 1819 daAuts
   Elf:3: 1784 daAuts
Depths:4: 1694 daAuts
     D:2: 1661 daAuts
  Lair:5: 1606 daAuts
     D:9: 1574 daAuts
Vaults:2: 1560 daAuts
Vaults:1: 1556 daAuts
  Lair:4: 1487 daAuts

Table legend:
 A = Kills in this place as a percentage of kills in the entire game.
 B = Kills by you in this place as a percentage of kills by you in the entire game.
 C = Kills by friends in this place as a percentage of kills by friends in the entire game.
 D = Other kills in this place as a percentage of other kills in the entire game.
 E = Experience gained in this place as a percentage of experience gained in the entire game.
 F = Experience gained in this place divided by the number of levels of this place that you have seen.
                   A       B       C       D       E      F
               +-------+-------+-------+-------+-------+----------------------
         Total | 100.0 | 100.0 | 100.0 | 100.0 | 100.0 | 23614.8
       Dungeon |  20.2 |  44.4 |  16.2 |  18.2 |   7.8 | 7208.1
          Lair |   7.3 |  29.9 |   3.5 |   0.0 |   3.3 | 9203.8
         Swamp |   6.0 |   0.0 |   7.0 |   9.1 |   5.5 | 19049.8
   Spider Nest |   8.3 |   0.9 |   9.5 |   0.0 |   6.6 | 22837.0
    Slime Pits |   4.6 |   0.3 |   5.3 |   0.0 |   5.0 | 13901.0
  Orcish Mines |   5.7 |   7.7 |   5.3 |   9.1 |   1.3 | 9089.5
   Elven Halls |   6.5 |   0.0 |   7.5 |  18.2 |   7.9 | 36878.0
        Vaults |  15.8 |   3.0 |  18.0 |   0.0 |  22.1 | 61635.6
         Crypt |   3.0 |   0.3 |   3.5 |   0.0 |   3.9 | 18069.0
        Depths |   8.9 |   5.0 |   9.6 |   0.0 |  14.4 | 50143.8
           Zot |   7.7 |   0.3 |   8.7 |  45.5 |  18.8 | 52311.6
       Ossuary |   1.3 |   6.2 |   0.5 |   0.0 |   0.1 | 1238.0
      Ice Cave |   1.2 |   1.2 |   1.2 |   0.0 |   0.3 | 4070.0
    Desolation |   3.7 |   0.9 |   4.2 |   0.0 |   3.1 | 43444.0
               +-------+-------+-------+-------+-------+----------------------
